 Dungeon Crawl Stone Soup version 0.30-b1-2-g02819fbbbe (webtiles) character file.

Game seed: 11081143709486061697

7230 Mesmaeker13 the Fighter (level 11, -2/92 HPs)
             Began as a Barachi Hexslinger on May 7, 2023.
             Was a Plaything of Xom.
             Slain by a two-headed ogre
             ... wielding a +0 giant club
              (14 damage)
             ... on level 11 of the Dungeon on May 8, 2023.
             The game lasted 00:25:20 (8415 turns).

Mesmaeker13 the Fighter (Barachi Hexslinger)        Turns: 8415, Time: 00:25:20

Health: -2/92      AC: 12    Str: 16    XL:     11   Next: 12%
Magic:  11/11      EV: 17    Int: 16    God:    Xom [.*....]
Gold:   541        SH:  0    Dex: 17    Spells: 12/13 levels left

rFire   . . .        t - +2 battleaxe
rCold   . . .        (shield currently unavailable)
rNeg    . . .        H - +2 scale mail {rPois}
rPois   +            (helmet restricted)
rElec   .            P - +0 cloak
rCorr   +            C - +0 pair of gloves
SInv    .            (no boots)
Will    +....        J - amulet "Ximuqif" {Regen+ rCorr Int+3} Stlth
                     F - +5 ring of evasion
HPRegen 1.15/turn    I - ring "Meustin" {Will+ Dex+4}
MPRegen 0.12/turn

%: no passive effects
@: slow
A: amphibious, slowness 1, strong legs 1, +LOS, beak, hooves 1, iridescent
scales 1, deformed body, low MP 1
a: Hop, Renounce Religion


You were on level 11 of the Dungeon.
You worshipped Xom.
You were a plaything of Xom.
You visited 2 branches of the dungeon, and saw 12 of its levels.
You also visited: Sewer.

You collected 541 gold pieces.

Inventory:

Hand Weapons
 d - a +0 shortbow
 t - a +2 battleaxe (weapon)
 N - a +0 broad axe
Missiles
 c - 11 poisoned darts
 O - a throwing net
Armour
 a - a +0 tower shield
 f - a scarf of invisibility
 y - a +2 helmet
 C - a +0 pair of gloves (worn)
 H - a +2 scale mail of poison resistance (worn)
 P - a +0 cloak (worn)
Jewellery
 F - a +5 ring of evasion (left hand)
 G - an amulet of reflection
 I - the ring "Meustin" (right hand) {Will+ Dex+4}
   (Xom gifted it to you on level 6 of the Dungeon)

   [ring of willpower]

   Dex:       It affects your dexterity (+4).
   Will:      It increases your willpower.
 J - the amulet "Ximuqif" (around neck) {Regen+ rCorr Int+3}
   (You found it on level 7 of the Dungeon)

   [amulet of regeneration]

   Int:       It affects your intelligence (+3).
   Regen:     It increases your rate of health regeneration.
   rCorr:     It protects you from acid and corrosion.
Wands
 o - a wand of paralysis (5)
 L - a wand of flame (26)
Scrolls
 b - 2 scrolls of poison
 e - 8 scrolls of teleportation
 g - a scroll of enchant armour {unknown}
 j - a scroll of brand weapon {unknown}
 k - 3 scrolls of vulnerability
 l - 3 scrolls of blinking
 n - a scroll of fog
 q - a scroll of enchant weapon
 w - 4 scrolls of immolation
 x - 2 scrolls of amnesia {unknown}
 A - a scroll of noise
 B - 2 scrolls of torment
 D - a scroll of silence {unknown}
 M - a scroll of summoning {unknown}
Potions
 h - a potion of ambrosia {unknown}
 i - a potion of flight
 m - 5 potions of brilliance
 p - a potion of invisibility {unknown}
 s - 3 potions of heal wounds
 u - 3 potions of might
 v - 2 potions of lignification {unknown}
 z - 5 potions of curing
 E - a potion of degeneration {unknown}
 K - 3 potions of attraction


   Skills:
 + Level 10.3 Fighting
 + Level 8.4 Axes
 + Level 8.9 Ranged Weapons
 + Level 8.8 Armour
 - Level 5.0 Dodging
 - Level 1.5 Spellcasting
 - Level 3.5 Hexes


You had 12 spell levels left.
You knew the following spells:

 Your Spells              Type           Power      Damage    Failure   Level
a - Slow                  Hex            48%        N/A       16%         1

Your spell library contained the following spells:

 Spells                   Type           Power      Damage    Failure   Level
 Beastly Appendage        Tmut           2%         N/A       54%         1
 Dazzling Flash           Conj/Hex       12%        N/A       67%         3
 Inner Flame              Hex/Fire       6%         N/A       67%         3
 Portal Projectile        Hex/Tloc       12%        N/A       67%         3
 Static Discharge         Conj/Air       2%         2-3/arc   69%         2
 Wereblood                Tmut           1%         N/A       69%         2
 Cause Fear               Hex            6%         N/A       83%         4
 Spider Form              Tmut/Pois      1%         N/A       89%         3
 Airstrike                Air            0%         2d(1-17)  100%        4
 Flame Wave               Conj/Fire      1%         2d4       100%        4
 Olgreb's Toxic Radiance  Pois           1%         N/A       100%        4
 Petrify                  Tmut/Erth      1%         N/A       100%        4
 Sticky Flame             Conj/Fire      1%         2d3       100%        4
 Summon Lightning Spire   Summ/Air       1%         N/A       100%        4
 Agony                    Necr           1%         N/A       100%        5
 Metabolic Englaciation   Hex/Ice        3%         N/A       100%        5
 Silence                  Hex/Air        3%         N/A       100%        5
 Statue Form              Tmut/Erth      0%         N/A       100%        6
 Spellforged Servitor     Conj/Summ      0%         N/A       100%        7
 Discord                  Hex            6%         N/A       100%        8
 Ignition                 Fire           0%         3d3       100%        8
 Lehudib's Crystal Spear  Conj/Erth      0%         10d2      100%        8


Dungeon Overview and Level Annotations

Branches:
Dungeon (11/15)            Temple (1/1) D:5             Orc (0/2) D:10
  Sewer (visited)
   Lair: D:8-11

Altars:
Ashenzari
Cheibriados
Dithmenos
Elyvilon
Fedhas
Gozag
Hepliaklqana
Kikubaaqudgha
Makhleb
Nemelex Xobeh
Okawaru
Qazlal
Ru
Sif Muna
Trog
Uskayaw
Vehumet
Wu Jian
Xom
Yredelemnul
Zin
The Shining One
Lugonu

Shops:
D:7 (   D:9 :

Annotations:
D:3 2 transporters, sanka's ghost, amateur DETm
D:5 1 runed translucent door, sausages's ghost, novice MiFi
D:8 2 transporters


Innate Abilities, Weirdness & Mutations

You are amphibious.
You cover ground slowly.
You can hop short distances.
You have an extended range of vision and can be seen from far away.
You have a beak for a mouth.
You have large cloven feet.
You are partially covered in iridescent scales. (AC +2)
Armour fits poorly on your strangely shaped body.
Your magical capacity is low. (-10% MP)


Message History

A two-headed ogre comes into view.
It is wielding a +0 giant club and a +0 giant spiked club.
The two-headed ogre shouts in stereo! "There, this looks better."
A door slams shut!
The two-headed ogre moves out of view.
Okay, then.
You open the door.
There is an open door here.
You barely miss the two-headed ogre.
You kick the two-headed ogre, but do no damage.
The two-headed ogre closely misses you. x2
You barely miss the two-headed ogre. You kick the two-headed ogre.
You peck the two-headed ogre.
The two-headed ogre is lightly wounded.
The two-headed ogre closely misses you. The two-headed ogre misses you.
You hit the two-headed ogre. You kick the two-headed ogre.
You peck the two-headed ogre.
The two-headed ogre is moderately wounded.
The two-headed ogre hits you with a +0 giant club!!
A shower of butterflies erupts from you!
The two-headed ogre completely misses you.
You closely miss the two-headed ogre.
The two-headed ogre is moderately wounded.
The two-headed ogre hits you with a +0 giant club!
The two-headed ogre barely misses you.
You barely miss the two-headed ogre. You kick the two-headed ogre.
You peck the two-headed ogre, but do no damage.
The two-headed ogre is moderately wounded.
You hit the two-headed ogre but do no damage.
You kick the two-headed ogre.
The two-headed ogre is moderately wounded.
The two-headed ogre hits you with a +0 giant club!!
The two-headed ogre hits you with a +0 giant spiked club!!
* * * LOW HITPOINT WARNING * * *
You are too injured to fight recklessly!
Unknown command.
The two-headed ogre attacks as you move away!
The two-headed ogre barely misses you.
The two-headed ogre hits you with a +0 giant spiked club!
You die...
Xom is highly amused!

### #<# #.# #.#
########.#########
.....b............
########@#########
......b..O...#
.............#
.............#
.......b.....#
..............+
###############


You could see a two-headed ogre (ally target).

Vanquished Creatures
  A two-headed ogre (D:10)
  An ugly thing (D:10)
  A shining eye (D:9)
  Joseph (D:8)
  A komodo dragon (D:10)
  A wraith (D:9)
  10 yaks
  A wyvern (D:8)
  Menkaure (D:7)
  Duvessa (D:6)
  3 water moccasins
  An orc warrior (D:10)
  A sky beast (D:4)
  An ice beast (D:6)
  A tengu (D:7)
  An ogre (D:6)
  4 centaurs
  A phantom (D:6)
  2 bullfrogs
  4 scorpions
  Dowan (D:6)
  3 wights (D:9)
  8 killer bees
  2 howler monkeys
  11 orc priests
  6 jellies
  A gnoll bouda (D:5)
  2 hounds
  A sleepcap (D:7)
  An iguana (D:5)
  6 orc wizards
  4 gnolls (D:5)
  13 adders
  4 river rats (Sewer)
  An ufetubus (D:7)
  3 worms
  58 orcs
  6 bats
  11 endoplasms
  3 giant cockroaches (Sewer)
  11 goblins
  10 hobgoblins
  5 kobolds
  5 quokkas
  11 ball pythons
  8 frilled lizards
  10 rats
243 creatures vanquished.

Vanquished Creatures (collateral kills)
  An ogre (D:6)
1 creature vanquished.

Grand Total: 244 creatures vanquished

Notes
Turn   | Place    | Note
-------+----------+-------------------------------------------
     0 | D:1      | Mesmaeker13 the Barachi Hexslinger began the quest for the
                  | Orb.
     0 | D:1      | Reached XP level 1. HP: 15/15 MP: 2/2
   127 | D:1      | You fall into a shaft and drop 1 floor!
   152 | D:2      | Reached XP level 2. HP: 22/22 MP: 4/4
   742 | D:1      | Reached XP level 3. HP: 27/27 MP: 5/5
   808 | D:1      | Reached skill level 2 in Fighting
  1112 | D:2      | Reached XP level 4. HP: 34/34 MP: 6/6
  1281 | D:3      | Found a glowing drain.
  1302 | Sewer    | Entered a sewer
  1390 | Sewer    | Reached skill level 3 in Fighting
  1398 | Sewer    | Reached XP level 5. HP: 34/41 MP: 7/7
  1747 | Sewer    | Reached XP level 6. HP: 35/48 MP: 8/8
  1905 | Sewer    | Reached skill level 4 in Fighting
  1910 | Sewer    | Found a viscous altar of Jiyva.
  2134 | D:3      | Found a transporter.
  2135 | D:3      | Found an iron altar of Okawaru.
  2135 | D:3      | Noticed sanka's ghost (amateur DETm)
  2346 | D:3      | Found a transporter.
  2464 | D:3      | Found a faded altar of an unknown god.
  2876 | D:4      | Noticed a sky beast
  2894 | D:4      | Killed a sky beast
  2895 | D:4      | Reached skill level 1 in Axes
  2895 | D:4      | Reached XP level 7. HP: 29/55 MP: 9/9
  3404 | D:5      | Entered Level 5 of the Dungeon
  3481 | D:5      | Reached skill level 5 in Fighting
  3481 | D:5      | Reached skill level 5 in Dodging
  3612 | D:5      | Found a sparkling altar of Nemelex Xobeh.
  3637 | D:5      | Found a runed translucent door.
  3649 | D:5      | Reached skill level 1 in Armour
  3667 | D:5      | Noticed sausages's ghost (novice MiFi)
  3673 | D:5      | Found a staircase to the Ecumenical Temple.
  3682 | Temple   | Entered the Ecumenical Temple
  3725 | Temple   | Became a worshipper of Xom of Chaos
  4038 | D:5      | Got the Atlas of Arcane Combat
  4135 | D:6      | XOM: divination: detect creatures
  4177 | D:6      | Reached skill level 5 in Ranged Weapons
  4177 | D:6      | Reached XP level 8. HP: 63/63 MP: 10/10
  4351 | D:6      | XOM is BORED!
  4351 | D:6      | XOM: give mutation
  4351 | D:6      | Gained mutation: Your magical capacity is low. (-10% MP)
                  | [Xom's mischief]
  4488 | D:6      | Identified the ring "Meustin" {Will+ Dex+4} (Xom gifted it
                  | to you on level 6 of the Dungeon)
  4488 | D:6      | XOM: god gift: ring "Meustin" {Will+ Dex+4}
  4500 | D:6      | XOM: god gift: 23 gold pieces
  4548 | D:6      | XOM: confuse monster(s)
  4560 | D:6      | Reached skill level 6 in Fighting
  4608 | D:6      | XOM: noise
  4665 | D:6      | Noticed Duvessa
  4665 | D:6      | Noticed Dowan
  4683 | D:6      | XOM: confuse monster(s)
  4689 | D:6      | Killed Dowan
  4693 | D:6      | Killed Duvessa
  4787 | D:6      | XOM: divination: detect creatures
  4915 | D:6      | XOM: summons friendly shadow imp
  4922 | D:6      | Reached skill level 7 in Fighting
  4922 | D:6      | Reached XP level 9. HP: 72/72 MP: 10/10
  5106 | D:7      | Found Zineabloy's Firing Range.
  5322 | D:7      | XOM: scenery: create altars
  5352 | D:7      | XOM: enchant monster (bad)
  5358 | D:7      | Identified the amulet "Ximuqif" {Regen+ rCorr Int+3}
  5453 | D:7      | XOM: cleaving
  5454 | D:7      | XOM: polymorph kobold brigand -> tengu
  5460 | D:7      | Reached skill level 5 in Axes
  5460 | D:7      | Reached skill level 5 in Armour
  5518 | D:7      | Found a shadowy altar of Dithmenos.
  5669 | D:7      | XOM: 3-stop teleportation journey
  5764 | D:7      | Found a glowing golden altar of the Shining One.
  5881 | D:7      | Noticed Menkaure
  5889 | D:7      | Killed Menkaure
  5937 | D:8      | XOM: noise
  5957 | D:8      | Found a transporter.
  5957 | D:8      | Found a corrupted altar of Lugonu.
  5957 | D:8      | Noticed an ancient zyme
  5957 | D:8      | XOM: 1-stop teleportation journey
  5967 | D:8      | Noticed a brown ugly thing
  6007 | D:8      | Noticed Joseph
  6017 | D:8      | XOM: blink monster(s)
  6034 | D:7      | Reached skill level 8 in Fighting
  6150 | D:7      | XOM: give mutations
  6150 | D:7      | Gained mutation: You have a beak for a mouth. [Xom's
                  | mischief]
  6150 | D:7      | Gained mutation: You are partially covered in iridescent
                  | scales. (AC +2) [Xom's mischief]
  6150 | D:7      | Gained mutation: You have large cloven feet. [Xom's
                  | mischief]
  6150 | D:7      | Gained mutation: Armour fits poorly on your strangely
                  | shaped body. [Xom's mischief]
  6200 | D:8      | XOM: 1-stop teleportation journey
  6254 | D:8      | XOM: noise
  6256 | D:8      | XOM: potion effect (haste)
  6261 | D:8      | Killed Joseph
  6421 | D:8      | Noticed a white ugly thing
  6422 | D:8      | Noticed a purple ugly thing
  6428 | D:8      | Found a transporter.
  6488 | D:8      | XOM: summons friendly ufetubus
  6496 | D:8      | Reached XP level 10. HP: 77/82 MP: 11/11
  6769 | D:9      | Identified the +0 leather armour of Shielding {rF- Str+5}
  6793 | D:9      | XOM: summons 4 hostile shadow creatures
  6962 | D:9      | Found Beviukow's Vocational Training.
  6998 | D:9      | Noticed a two-headed ogre
  6998 | D:9      | a two-headed ogre changed into a shining eye
  6998 | D:9      | Noticed a shining eye
  6998 | D:9      | XOM: polymorph two-headed ogre -> shining eye
  7014 | D:9      | XOM: blink monster(s)
  7019 | D:9      | XOM: fog
  7023 | D:9      | Killed a shining eye
  7024 | D:9      | Reached skill level 9 in Fighting
  7135 | D:9      | XOM: potion effect (invisibility)
  7150 | D:9      | XOM: noise
  7384 | D:9      | XOM: cast spell 'Summon Ice Beast'
  7568 | D:10     | Entered Level 10 of the Dungeon
  7654 | D:9      | XOM is BORED!
  7654 | D:9      | XOM: silly message
  7753 | D:10     | Noticed a two-headed ogre
  7758 | D:10     | Killed a two-headed ogre
  7995 | D:10     | XOM: silly message
  8072 | D:10     | Found a staircase to the Orcish Mines.
  8098 | D:10     | Noticed a green ugly thing
  8119 | D:10     | Killed a green ugly thing
  8120 | D:10     | Reached skill level 10 in Fighting
  8120 | D:10     | Reached XP level 11. HP: 62/90 MP: 11/11
  8145 | D:10     | XOM: silly message
  8170 | D:10     | XOM: silly message
  8332 | D:10     | XOM: noise
  8406 | D:11     | Noticed a two-headed ogre
  8406 | D:11     | XOM: scenery: 1 doors close
  8411 | D:11     | XOM: butterfly on damage
  8415 | D:11     | Slain by a two-headed ogre

Illustrated notes

Levels and vault maps discovered:
D:1:      lightli_arrival_statue_moat, layout_loops_ring, minmay_misc_feat_x
D:2:      layout_rooms, corexii_leaking_fountain
D:3:      minmay_chambers_of_twos, layout_rooms, mainiacjoe_overflow_boulevard,
          portal_sewer_entry_d, shapermc_ecumenical_altar_mp_ritualfount,
          gammafunk_ghost_smash, minmay_misc_feat_hallway
D:4:      layout_loops_ring
D:5:      layout_basic, nemelex_xobeh_ov_fountains_minmay,
          minmay_temple_entry_large_hall, ebering_ghost_reflecting_pool,
          minivault_25
D:6:      layout_basic, uniq_duvessa
D:7:      layout_loops_ring, mainiacjoe_overflow_big_doors,
          nicolae_shop_firing_range, uniq_menkaure
D:8:      gammafunk_corrupted_shrine, layout_rooms, uniq_joseph
D:9:      layout_long_grid, nicolae_shop_vocational
D:10:     layout_basic, hiddenorc2_lemuel
D:11:     layout_basic, due_lair_maze_entry_diamond
Temple:   dpeg_three_leaves_temple

Skill      XL: |  1  2  3  4  5  6  7  8  9 10 |
---------------+-------------------------------+-----
Fighting       | 2 3 4 5 7 8 10 | 10.3
Dodging        | 3 4 5 |  5.0
Ranged Weapons | 3 4 5 6 7 8 |  8.9
Axes           | 1 2 4 6 8 |  8.4
Armour         | 2 4 6 8 |  8.8
Spellcasting   | |  1.5
Hexes          | |  3.5

Action                     |  1- 3 |  4- 6 |  7- 9 | 10-12 || total
---------------------------+-------+-------+-------+-------++-------
  Melee: Dagger            |    19 |     7 |       |       ||    26
         Punch             |     1 |       |     5 |     1 ||     7
         War axe           |       |   108 |   371 |    83 ||   562
         Kick              |       |       |    17 |    88 ||   105
         Peck              |       |       |     8 |    73 ||    81
         Battleaxe         |       |       |       |   178 ||   178
   Fire: Sling             |   118 |   135 |    73 |       ||   326
         Shortbow          |       |       |     9 |     3 ||    12
   Cast: Slow              |       |     1 |       |       ||     1
Ability: Hop               |       |       |     1 |       ||     1
  Evoke: Wand              |       |       |    11 |     5 ||    16
    Use: Scroll            |     1 |     4 |     6 |     5 ||    16
         Potion            |       |       |     1 |     1 ||     2
   Stab: Paralysed         |       |       |     6 |     3 ||     9
         Invisible         |       |       |       |     2 ||     2
 Armour: Robe              |     9 |       |       |       ||     9
         Leather armour    |     2 |    30 |       |       ||    32
         Ring mail         |       |     9 |     6 |       ||    15
         Scale mail        |       |       |   106 |    91 ||   197
  Dodge: Dodged            |    51 |   115 |   342 |   268 ||   776
